 Dungeon Crawl Stone Soup version 0.20.0 (webtiles) character file.

560 FakerFangirl the Cudgeler (level 7, -1/59 HPs)
             Began as a Yellow Draconian Fighter on May 26, 2017.
             Killed from afar by an orc wizard (8 damage)
             ... with a magic dart
             ... on level 4 of the Dungeon.
             The game lasted 00:05:04 (4510 turns).

FakerFangirl the Cudgeler (DrFi)                    Turns: 4510, Time: 00:05:05

Health: -1/59      AC:  6    Str: 18    XL:     7   Next: 9%
Magic:  7/7        EV: 10    Int:  9    God:
Gold:   198        SH:  9    Dex: 12    Spells: 6/6 levels left

rFire    . . .     SeeInvis .   Y - +1 flail
rCold    . . .     Gourm    .   b - +0 shield
rNeg     . . .     Faith    +   (armour unavailable)
rPois    .         Spirit   .   (helmet restricted)
rElec    .         Reflect  .   (no cloak)
rCorr    +         Harm     .   (no gloves)
MR       .....                  (no boots)
Stlth    +.........             r - amulet of faith
Regen    0.2/turn               (no ring)
MPRegen  0.1/turn               (no ring)

@: no status effects
A: spit acid, acid resistance, unfitting armour, cold-blooded, AC +6
a: Breathe Acid


You were on level 4 of the Dungeon.
You were not hungry.

You visited 1 branch of the dungeon, and saw 4 of its levels.

You collected 198 gold pieces.


Innate Abilities, Weirdness & Mutations

You can spit globs of acid.
You are resistant to acid.
Your golden yellow scales are hard. (AC +6)
You cannot fit into any form of body armour.
You are cold-blooded and may be slowed by cold attacks.


   Skills:
 - Level 4.2 Fighting
 + Level 7.4 Maces & Flails
 - Level 2.6 Dodging
 - Level 3.0 Shields


You had 6 spell levels left.
You didn't know any spells.

Inventory:

Hand Weapons
 Y - a +1 flail (weapon)
Missiles
 f - 5 tomahawks (quivered)
Armour
 b - a +0 shield (worn)
 t - a +0 pair of boots
Jewellery
 r - an amulet of faith (around neck)
 s - an uncursed amulet of rage {unknown}
Wands
 m - a wand of polymorph (17/24)
Scrolls
 v - a scroll of remove curse {unknown}
Potions
 c - a potion of might
 e - a potion of mutation {unknown}
 g - a potion of haste {unknown}
 h - a potion of lignification {unknown}
 j - a potion of brilliance {unknown}
 l - a potion of flight {unknown}
 n - a potion of cancellation {unknown}
 q - 2 potions of ambrosia {unknown}
 u - a potion of agility {unknown}
Comestibles
 a - a chunk of flesh
 d - 3 bread rations
 o - 5 meat rations

Dungeon Overview and Level Annotations

Branches:
Dungeon (4/15)
 Temple: D:4-7

Altars:
Makhleb
Nemelex Xobeh
Ru
Trog
Vehumet
Yredelemnul


Message History

The orc wizard points at you and mumbles some strange words.
The magic dart hits you!
You barely miss the orc priest. You tail-slap the orc priest.
The orc priest is almost dead.
The orc priest barely misses you. You block the orc wizard's attack.
You closely miss the orc priest.
You tail-slap the orc priest, but do no damage.
The orc priest is almost dead.
The orc priest hits you but does no damage.
The orc wizard closely misses you.
You hit the orc priest.
You kill the orc priest!
You block the orc wizard's attack.
You closely miss the orc wizard.
The orc wizard hits you but does no damage.
You sock the orc wizard!
The orc wizard is heavily wounded.
The orc wizard points at you and mumbles some strange words.
The magic dart hits you!
You die...

.....#.#.###.#### #.......##([...
#%.#.#.#........#......#..###.#..
#.##.#.#..##.#.##..#...........%.
#.##.#.#.......##........#.##..#.
#..>.......######..#.....(.....#.
#.##.#.#.#.# #..#.#.#.......#.
#.##.#.#.#.# #..#.#.#..#....#.
.....#.#.#.######o.#.#.#..##.....
######.#........@).# #.#.......<.
..###.####.#..# .#.#..#### ###
...#..... #.. ###.#..#.## #.#
..%..# # ..##.# ...# .# ...# .#


You could see an orc wizard.

Vanquished Creatures
  An ogre (D:4)
  2 orc wizards (D:4)
  3 orc priests (D:4)
  A worker ant (D:4)
  Natasha (twice) (D:4)
  3 gnolls (D:3)
  11 adders
  2 oozes
  4 worms
  3 dart slugs
  2 leopard geckos
  7 orcs (D:4)
  10 bats
  4 giant cockroaches
  7 goblins
  5 hobgoblins
  8 jackals
  8 kobolds
  11 ball pythons
  7 frilled lizards
  5 rats
106 creatures vanquished.

Notes
Turn   | Place    | Note
-------+----------+-------------------------------------------
     0 | D:1      | FakerFangirl the Draconian Fighter began the quest for the Orb.
     0 | D:1      | Reached XP level 1. HP: 19/19 MP: 1/1
     0 | D:1      | 0 ||| counter = 72
    83 | D:1      | Reached XP level 2. HP: 24/26 MP: 2/2
   161 | D:1      | Reached skill level 3 in Maces & Flails
   315 | D:1      | 315 ||| Stepping ~*~*~tactically~*~*~ (outnumbered).
   775 | D:1      | Reached XP level 3. HP: 31/31 MP: 3/3
  1014 | D:1      | 1014 ||| READING scroll labeled SUMAGU WOAD.
  1015 | D:1      | 1015 ||| READING scroll labeled TOCIPEAMET.
  1016 | D:1      | 1016 ||| READING scroll labeled MEM SOXZI YGIBEV.
  1024 | D:1      | 1024 ||| READING 2 scrolls labeled JIPROD MEIBYW.
  1025 | D:1      | 1025 ||| READING scroll labeled LOMOLU EMINY.
  1026 | D:1      | 1026 ||| DRINKING 3 sapphire potions.
  1028 | D:1      | 1028 ||| DROPPING scroll of amnesia.
  1185 | D:2      | Reached skill level 4 in Maces & Flails
  1428 | D:2      | Reached XP level 4. HP: 38/38 MP: 4/4
  1737 | D:2      | Reached skill level 5 in Maces & Flails
  2015 | D:2      | Found a radiant altar of Vehumet.
  2025 | D:2      | Reached XP level 5. HP: 45/45 MP: 5/5
  2321 | D:2      | 2321 ||| READING 2 scrolls of identify.
  2321 | D:2      | 2321 ||| IDENTIFYING square golden amulet
  2323 | D:2      | 2323 ||| UPGRADING to amulet of guardian spirit.
  2700 | D:3      | Found a burning altar of Makhleb.
  2701 | D:3      | Found a sacrificial altar of Ru.
  2817 | D:3      | Found a bloodstained altar of Trog.
  3307 | D:3      | 3307 ||| READING scroll labeled XAITUG BENILUU.
  3308 | D:3      | 3308 ||| DRINKING 2 puce potions.
  3309 | D:3      | 3309 ||| READING scroll of identify.
  3309 | D:3      | 3309 ||| IDENTIFYING glowing sapphire amulet
  3310 | D:3      | 3310 ||| UPGRADING to amulet of faith.
  3312 | D:3      | 3312 ||| DROPPING amulet of guardian spirit.
  3324 | D:4      | Noticed an ogre
  3327 | D:4      | Noticed Natasha
  3341 | D:4      | Killed an ogre
  3341 | D:4      | Reached skill level 6 in Maces & Flails
  3341 | D:4      | Reached XP level 6. HP: 37/51 MP: 6/6
  3357 | D:4      | Killed Natasha
  3543 | D:4      | 3543 ||| Stepping ~*~*~tactically~*~*~ (outnumbered).
  3649 | D:4      | Found a sparkling altar of Nemelex Xobeh.
  3686 | D:4      | Noticed Natasha
  3694 | D:4      | Killed Natasha
  3717 | D:4      | Found a basalt altar of Yredelemnul.
  4022 | D:4      | Reached skill level 7 in Maces & Flails
  4046 | D:4      | 4046 ||| DRINKING 3 potions of curing.
  4046 | D:4      | 4046 ||| (to cure confusion)
  4056 | D:4      | 4056 ||| DRINKING 2 potions of curing.
  4056 | D:4      | 4056 ||| (to cure confusion)
  4064 | D:4      | 4064 ||| DRINKING potion of curing.
  4064 | D:4      | 4064 ||| (to cure confusion)
  4066 | D:4      | HP: 13/52 [something (2)]
  4067 | D:4      | 4067 ||| READING 2 scrolls of teleportation.
  4068 | D:4      | 4068 ||| DRINKING potion of heal wounds.
  4156 | D:4      | 4156 ||| Invisible monster not found???
  4274 | D:4      | Your scales start taking on a golden yellow colour.
  4274 | D:4      | Reached XP level 7. HP: 58/59 MP: 7/7
  4428 | D:4      | HP: 11/59 [orc priest/nerve-wracking pain (7)]
  4429 | D:4      | 4429 ||| READING scroll of teleportation.
  4433 | D:4      | HP: 7/59 [poisoned by an orc wizard]
  4438 | D:4      | HP: 5/59 [poisoned by an orc wizard]
  4444 | D:4      | HP: 3/59 [poisoned by an orc wizard]
  4451 | D:4      | HP: 2/59 [poisoned by an orc wizard]
  4459 | D:4      | HP: 2/59 [poisoned by an orc wizard]
  4505 | D:4      | HP: 6/59 [orc wizard/magic dart (4)]
  4510 | D:4      | Killed from afar by an orc wizard

Vault maps used:
D:1:      lightli_arrival_windingriver, serial_forest,
          infiniplex_forest_end_double, infiniplex_forest_zigzag_1,
          infiniplex_forest_straight_1, infiniplex_forest_split,
          infiniplex_forest_fountain, infiniplex_forest_lined_room_
D:2:      lemuel_doored_altar, nicolae_overflow_hidden_temple, first_bread,
          minmay_snake_closets
D:3:      lemuel_coloured_pillars_altar, grunt_temple_overflow_open
D:4:      lemuel_crystal_altar, yredelemnul_altar_generic,
          nemelex_xobeh_ov_fountains_minmay, minmay_crystal_water, uniq_natasha,
          uniq_ijyb

Skill      XL: |  1  2  3  4  5  6 |
---------------+-------------------+-----
Maces & Flails | 3 4 5 6 7 |  7.4
Fighting       | 4 |  4.2
Dodging        | |  2.6
Shields        | |  3.0

Action                   |  1- 3 |  4- 6 |  7- 9 || total
-------------------------+-------+-------+-------++-------
Melee: Flail             |   118 |   259 |    21 ||   398
       Tailslap          |    11 |    31 |     3 ||    45
Throw: Tomahawk          |       |     5 |     2 ||     7
  Use: Scroll            |     5 |     4 |     1 ||    10
       Potion            |     1 |     5 |       ||     6
  Eat: Chunk             |     2 |     9 |     1 ||    12
Armor: Skin              |    19 |    67 |     5 ||    91
Dodge: Dodged            |    42 |    99 |     9 ||   150
Block: Shield            |    60 |   102 |     9 ||   171
